 Dungeon Crawl Stone Soup version 0.28.0-1-gb440e238dd (webtiles) character file.

Game seed: 16244493351804363133

27764 Morbidden the Destroyer (level 13, -6/93 HPs)
             Began as a Demonspawn Conjurer on Feb 20, 2022.
             Was the Champion of Cheibriados.
             Mangled by an earth elemental (10 damage)
             ... in a volcano.
             The game lasted 00:35:48 (18615 turns).

Morbidden the Destroyer (Demonspawn Conjurer)      Turns: 18615, Time: 00:35:49

Health: -6/93      AC: 18    Str: 29    XL:     13   Next: 6%
Magic:  8/25       EV: 10    Int: 50    God:    Cheibriados [******]
Gold:   1862       SH: 11    Dex: 26    Spells: 7/29 levels left

rFire   . . .      SeeInvis .   b - +2 scimitar (flame)
rCold   . . .      Faith    .   w - +0 kite shield
rNeg    . . .      Spirit   .   F - +1 plate armour "Dilyinn" {Int+4}
rPois   .          Reflect  .   A - +2 hat
rElec   .          Harm     .   (no cloak)
rCorr   .          Rampage  .   j - +0 pair of gloves
Will    .....                   r - +0 pair of boots
Stlth   +.........              P - amulet of regeneration
HPRegen 1.05/turn               I - +6 ring of intelligence
MPRegen 0.19/turn               D - +6 ring of strength

@: very slow
A: claws 1, icemail 1, spiny 2, sturdy frame 3, condensation shield
a: Renounce Religion, Bend Time, Temporal Distortion, Slouch, Step From Time


You were in a volcano.
You worshipped Cheibriados.
Cheibriados was exalted by your worship.
You visited 3 branches of the dungeon, and saw 15 of its levels.
You also visited: Bailey and Volcano.

You collected 1862 gold pieces.

Inventory:

Hand Weapons
 a - a +2 dagger of flaming
 b - a +2 scimitar of flaming (weapon)
Missiles
 l - 5 javelins
 m - 20 poisoned darts
 n - 8 boomerangs (quivered)
 v - 7 curare-tipped darts
Armour
 j - a +0 pair of gloves (worn)
 p - a scarf of invisibility
 r - a +0 pair of boots (worn)
 w - a +0 kite shield (worn)
 z - a +3 leather armour of fire resistance
 A - a +2 hat (worn)
 F - the +1 plate armour "Dilyinn" (worn) {Int+4}
   (You found it in a bailey)

   Int:       It affects your intelligence (+4).
 K - +1 ice dragon scales
Jewellery
 d - a ring of see invisible
 D - a +6 ring of strength (right hand)
 I - a +6 ring of intelligence (left hand)
 P - an amulet of regeneration (around neck)
Wands
 e - a wand of flame (10)
 J - a wand of digging (12)
 N - a wand of polymorph (1)
 T - a wand of paralysis (7)
 U - a wand of iceblast (13)
Scrolls
 f - 7 scrolls of identify
 h - 5 scrolls of teleportation
 i - 2 scrolls of noise
 k - 2 scrolls of magic mapping
 o - 4 scrolls of enchant weapon
 s - 3 scrolls of amnesia
 u - 2 scrolls of fog
 y - a scroll of brand weapon {unknown}
 C - 3 scrolls of fear
 E - 2 scrolls of vulnerability
 G - a scroll of silence
 H - 2 scrolls of holy word {unknown}
 W - a scroll of summoning {unknown}
 X - a scroll of torment {unknown}
Potions
 g - 4 potions of invisibility
 q - 4 potions of might
 t - 4 potions of brilliance
 x - a potion of berserk rage
 B - 5 potions of curing
 M - a potion of degeneration {unknown}
 O - a potion of flight {unknown}
 Q - a potion of resistance {unknown}
 R - a potion of mutation {unknown}
 S - 2 potions of magic {unknown}
 V - a potion of ambrosia {unknown}


   Skills:
 * Level 5.9 Fighting
 + Level 5.7(6.2) Short Blades
 * Level 3.6(5.2) Long Blades
 + Level 1.1 Throwing
 + Level 6.6 Armour
 * Level 3.0 Dodging
 + Level 3.1 Stealth
 + Level 3.6 Shields
 * Level 8.7 Spellcasting
 + Level 9.6 Conjurations
 * Level 1.5 Hexes
 * Level 4.1 Summonings
 * Level 5.3 Necromancy
 * Level 5.0 Translocations
 * Level 5.2 Earth Magic
 * Level 8.8 Invocations
 + Level 0.8 Evocations


You had 7 spell levels left.
You knew the following spells:

 Your Spells              Type           Power      Damage    Failure   Level
a - Stone Arrow           Conj/Erth      100%       3d13      1%          3
b - Searing Ray           Conj           100%       2d8       1%          2
c - Magic Dart            Conj           100%       1d8       1%          1
d - Iskenderun's Mystic   Conj/Tloc      77%        2d15      4%          4
e - Summon Mana Viper     Hex/Summ       50%        N/A       56%         5
x - Animate Armour        Summ/Erth      100%       N/A       12%         4
z - Vampiric Draining     Necr           66%        2d10      2%          3

Your spell library contained the following spells:

 Spells                   Type           Power      Damage    Failure   Level
 Pain                     Necr           100%       1d9       1%          1
 Blink                    Tloc           100%       N/A       1%          2
 Dazzling Flash           Conj/Hex       100%       N/A       2%          3
 Lesser Beckoning         Tloc           64%        N/A       3%          3
 Slow                     Hex            100%       N/A       4%          1
 Passwall                 Tmut/Erth      40%        N/A       4%          2
 Ensorcelled Hibernation  Hex/Ice        58%        N/A       9%          2
 Fulminant Prism          Conj/Hex       33%        3d16      9%          4
 Passage of Golubria      Tloc           64%        N/A       10%         4
 Confusing Touch          Hex            36%        N/A       13%         3
 Tukima's Dance           Hex            36%        N/A       13%         3
 Ozocubu's Armour         Ice            21%        N/A       24%         3
 Swiftness                Air            21%        N/A       24%         3
 Agony                    Necr           66%        N/A       26%         5
 Excruciating Wounds      Necr           33%        N/A       26%         5
 Manifold Assault         Tloc           64%        N/A       28%         5
 Summon Ice Beast         Ice/Summ       42%        N/A       34%         4
 Metabolic Englaciation   Hex/Ice        14%        N/A       86%         5
 Yara's Violent Unravell  Hex/Tmut       14%        3d7       86%         5
 Simulacrum               Ice/Necr       24%        N/A       99%         6
 Monstrous Menagerie      Summ           29%        N/A       100%        7
 Lehudib's Crystal Spear  Conj/Erth      38%        10d10     100%        8


Dungeon Overview and Level Annotations

Branches:
Dungeon (10/15)            Temple (1/1) D:4            Lair (4/6) D:8
  Swamp (0/4) Lair:3        Snake (0/4) Lair:2       Bailey (visited)
Volcano (1/1)
    Orc: D:9-12

Altars:
Ashenzari
Cheibriados
Elyvilon
Fedhas
Hepliaklqana
Kikubaaqudgha
Makhleb
Qazlal
Ru
Trog
Wu Jian
Xom
Yredelemnul
Zin

Annotations:
D:1 1 runed translucent door
D:10 exclusion: ice statue
Lair:3 1 runed translucent door, ciphuk's ghost, journeyman OpFE


Innate Abilities, Weirdness & Mutations

You have sharp fingernails.
A meltable icy envelope protects you from harm. (AC +0)
You are mostly covered in sharp spines.
Your movements are significantly less encumbered by armour. (ER -6)
A meltable shield of frost defends you. (SH +0)


Message History

Okay, then.
As you read the scroll of fear, it crumbles to dust.
You assume a fearsome visage.
The stone giant looks frightened!
The molten gargoyle is unaffected.
The efreet looks frightened!
The earth elemental is unaffected.
The efreet drinks a potion.
The efreet flickers and vanishes!
Deactivating autopickup; reactivate with Ctrl-A.
Unknown command.
As you read the scroll of teleportation, it crumbles to dust.
You feel strangely unstable.
Unknown command.
The stone giant gibbers meaninglessly.
Found 20 gold pieces.
Your surroundings suddenly seem different.
A gargoyle comes into view. It is wielding a +0 morningstar.
Found four items.
Something unseen opens the door.
The gargoyle hurls a stone arrow at you.
You block the stone arrow.
Unknown command.
Unknown command.
Unknown command.
As you read the scroll of teleportation, it crumbles to dust.
You feel strangely unstable.
The gargoyle hurls a stone arrow at you.
You block the stone arrow.
Unknown command.
Your surroundings suddenly seem different.
You block the molten gargoyle's attack.
Unknown command.
The molten gargoyle blasts magma at you!
The bolt of magma hits you!
Your icy defenses dissipate!
The earth elemental hits you!
* * * LOW HITPOINT WARNING * * *
The molten gargoyle hits you with a +0 morningstar!
* * * LOW HITPOINT WARNING * * *
You are engulfed in flames!
* * * LOW HITPOINT WARNING * * *
The earth elemental hits you!
You die...

##### ##$$$## #
#..8..#
#.##.@...#
#)[8.9E..#
#$!#..⌠..#
####### #$
##.).## ##.#....
# ###)##
####...§≈≈≈ ##
#...###8.....§≈≈≈
.
☼.C°○.......§§≈≈§
#.
#...###8....≈§≈≈≈
#' ###'##
###..≈≈≈≈§≈


You could see a stone giant (fleeing), an earth elemental and a molten gargoyle.

Vanquished Creatures
  Harold (D:9)
  Erica (Lair:1)
  A centaur warrior (D:10)
  3 two-headed ogres
  Sonja (Lair:4)
  A bog body (Lair:3)
  A cyclops (D:8)
  6 elephants (Lair:1)
  2 black mambas
  3 gargoyles
  A torpor snail (Lair:2)
  7 cane toads
  3 komodo dragons
  2 trolls
  2 polar bears
  11 blink frogs
  3 hornets
  2 dream sheep (Lair:2)
  2 shadows
  2 wyverns (D:8)
  8 yaks
  A wraith (D:7)
  A vampire (Bailey)
  7 fire bats (Volcano)
  4 basilisks
  Edmund (D:6)
  Menkaure (D:7)
  An acid dragon (D:8)
  12 water moccasins
  3 sky beasts
  3 black bears
  3 orc warriors
  2 necrophages
  4 centaurs
  3 wolves (Lair:3)
  2 kobold brigands
  8 bullfrogs
  2 gnoll sergeants (D:8)
  A wyvern zombie (D:4)
  2 scorpions
  A water moccasin skeleton (D:6)
  A wight (D:8)
  5 electric eels (D:6)
  7 howler monkeys
  9 vampire bats (Bailey)
  5 wolf zombies (Bailey)
  6 lava snakes (Volcano)
  2 bullfrog zombies (D:5)
  4 centaur zombies
  2 hounds (D:6)
  A jelly (D:5)
  A bullfrog skeleton (D:2)
  A gnoll shaman (D:8)
  3 orc priests
  Ijyb (D:3)
  Terence (D:3)
  An iguana (D:8)
  6 orc wizards
  A hound skeleton (D:5)
  2 howler monkey zombies (D:7)
  11 gnolls
  7 adders
  2 howler monkey skeletons
  A shadow imp (D:7)
  3 white imps
  18 orcs
  8 bats
  10 endoplasms
  5 goblins
  8 hobgoblins
  9 kobolds
  2 quokkas
  5 ball pythons
  4 frilled lizards
  A jackal skeleton (D:4)
  20 orc zombies (Bailey)
  3 rats (D:3)
301 creatures vanquished.

Vanquished Creatures (collateral kills)
  A hydra (Lair:4)
  2 cane toads (Lair:2)
  2 blink frogs (Lair:2)
  5 yaks (Lair:2)
10 creatures vanquished.

Vanquished Creatures (others)
  13 fungi
  53 plants
66 creatures vanquished.

Grand Total: 377 creatures vanquished

Notes
Turn   | Place    | Note
-------+----------+-------------------------------------------
     0 | D:1      | Morbidden the Demonspawn Conjurer began the quest for the
                  | Orb.
     0 | D:1      | Reached XP level 1. HP: 13/13 MP: 3/3
     1 | D:1      | Found a runed translucent door.
   151 | D:1      | Gained mutation: Your movements are slightly less
                  | encumbered by armour. (ER -2) [demonic ancestry]
   151 | D:1      | Reached XP level 2. HP: 19/19 MP: 0/5
   419 | D:1      | Learned a level 2 spell: Searing Ray
   545 | D:1      | Found a faded altar of an unknown god.
  1290 | D:2      | Reached skill level 5 in Conjurations
  1290 | D:2      | Gained mutation: You are partially covered in sharp spines.
                  | [demonic ancestry]
  1290 | D:2      | Reached XP level 3. HP: 25/25 MP: 0/6
  1855 | D:3      | Gained mutation: A meltable shield of frost defends you.
                  | (SH +0) [demonic ancestry]
  1855 | D:3      | Reached XP level 4. HP: 31/31 MP: 3/7
  2014 | D:3      | Noticed Ijyb
  2023 | D:3      | Killed Ijyb
  2024 | D:3      | Reached skill level 1 in Fighting
  2574 | D:3      | Noticed Terence
  2581 | D:3      | Killed Terence
  2582 | D:3      | Reached XP level 5. HP: 37/37 MP: 1/9
  2960 | D:4      | Noticed a black bear
  2975 | D:4      | Killed a black bear
  3076 | D:4      | Reached XP level 6. HP: 43/43 MP: 4/11
  3625 | D:4      | Reached skill level 6 in Conjurations
  3846 | D:4      | Gained mutation: A meltable icy envelope protects you from
                  | harm. (AC +0) [demonic ancestry]
  3846 | D:4      | Reached XP level 7. HP: 48/50 MP: 7/13
  3888 | D:4      | Found a staircase to the Ecumenical Temple.
  3930 | Temple   | Entered the Ecumenical Temple
  4032 | Temple   | Became a worshipper of Cheibriados the Contemplative
  4226 | D:4      | Reached skill level 1 in Armour
  4576 | D:5      | Entered Level 5 of the Dungeon
  4626 | D:5      | Reached skill level 1 in Invocations
  5703 | D:6      | Reached skill level 5 in Spellcasting
  5892 | D:6      | Reached * piety under Cheibriados
  5893 | D:6      | Gained mutation: Your movements are less encumbered by
                  | armour. (ER -4) [demonic ancestry]
  5893 | D:6      | Reached XP level 8. HP: 57/57 MP: 6/15
  6053 | D:6      | Reached skill level 7 in Conjurations
  6393 | D:6      | Reached skill level 1 in Short Blades
  6917 | D:6      | Noticed Edmund
  6922 | D:6      | Killed Edmund
  7397 | D:7      | Learned a level 3 spell: Stone Arrow
  7397 | D:7      | Noticed Menkaure
  7402 | D:7      | Killed Menkaure
  7488 | D:7      | Found a sacrificial altar of Ru.
  7729 | D:7      | Reached ** piety under Cheibriados
  7810 | D:7      | Found a blossoming altar of Fedhas.
  7927 | D:7      | Gained mutation: You are mostly covered in sharp spines.
                  | [demonic ancestry]
  7927 | D:7      | Reached XP level 9. HP: 64/64 MP: 9/17
  8101 | D:7      | Reached skill level 1 in Earth Magic
  8378 | D:7      | Reached skill level 1 in Shields
  8486 | D:8      | Found a flagged portal.
  8495 | Bailey   | Entered a bailey
  8573 | Bailey   | Learned a level 4 spell: Iskenderun's Mystic Blast
  8842 | Bailey   | Noticed a gargoyle
  8853 | Bailey   | Killed a gargoyle
  8871 | Bailey   | Reached skill level 8 in Conjurations
  8938 | Bailey   | Identified the +0 ring mail "Falek" {-Tele Harm Regen+
                  | Slay-3}
  8939 | Bailey   | Identified the +1 plate armour "Dilyinn" {Int+4}
  9068 | Bailey   | Reached *** piety under Cheibriados
  9072 | Bailey   | Reached skill level 1 in Translocations
  9829 | D:8      | Reached **** piety under Cheibriados
 10196 | D:8      | Reached XP level 10. HP: 71/71 MP: 12/19
 10246 | D:8      | Reached skill level 5 in Armour
 10246 | D:8      | Reached skill level 5 in Invocations
 10610 | D:8      | Found a staircase to the Lair.
 10631 | D:8      | Noticed a cyclops
 10659 | D:8      | Killed a cyclops
 10681 | D:8      | Learned a level 3 spell: Vampiric Draining
 11192 | D:8      | Reached ***** piety under Cheibriados
 11572 | D:9      | Noticed a two-headed ogre
 11651 | D:9      | Killed a two-headed ogre
 11658 | D:9      | Reached skill level 1 in Necromancy
 11861 | D:9      | Gained mutation: You have sharp fingernails. [demonic
                  | ancestry]
 11861 | D:9      | Reached XP level 11. HP: 78/78 MP: 21/21
 11866 | D:9      | Learned a level 4 spell: Animate Armour
 12010 | D:9      | Noticed a two-headed ogre
 12015 | D:9      | Killed a two-headed ogre
 12016 | D:9      | Reached skill level 1 in Throwing
 12218 | D:9      | Noticed Harold
 12228 | D:9      | Killed Harold
 12229 | D:9      | Reached skill level 5 in Short Blades
 12635 | D:10     | Entered Level 10 of the Dungeon
 12652 | D:10     | Noticed a two-headed ogre
 12657 | D:10     | Killed a two-headed ogre
 12658 | D:10     | Reached skill level 1 in Summonings
 12741 | D:10     | Noticed a centaur warrior
 12750 | D:10     | Killed a centaur warrior
 12751 | D:10     | Reached skill level 9 in Conjurations
 14097 | Lair:1   | Entered Level 1 of the Lair of Beasts
 14124 | Lair:1   | Reached skill level 5 in Fighting
 14856 | Lair:1   | Noticed Erica
 14861 | Lair:1   | Killed Erica
 15106 | Lair:1   | Reached XP level 12. HP: 46/86 MP: 7/23
 15152 | Lair:1   | Reached skill level 1 in Long Blades
 15828 | Lair:2   | Reached ****** piety under Cheibriados
 16123 | Lair:2   | Found a staircase to the Snake Pit.
 16759 | Lair:3   | Found a runed translucent door.
 16761 | Lair:3   | Found a shimmering altar of Xom.
 16761 | Lair:3   | Noticed ciphuk's ghost (journeyman OpFE)
 17313 | Lair:3   | Found a staircase to the Swamp.
 17414 | Lair:3   | Reached skill level 5 in Necromancy
 17461 | Lair:3   | Reached skill level 5 in Translocations
 17717 | Lair:3   | Reached skill level 5 in Earth Magic
 18106 | Lair:3   | Learned a level 5 spell: Summon Mana Viper
 18111 | Lair:4   | Identified a scroll of acquirement
 18111 | Lair:4   | Acquired 1089 gold pieces
 18156 | Lair:4   | Noticed an eight-headed hydra
 18165 | Lair:4   | Killed an eight-headed hydra
 18169 | Lair:4   | Noticed Sonja
 18183 | Lair:4   | Killed Sonja
 18215 | Lair:4   | Found a dark tunnel.
 18258 | Volcano  | Entered a volcano
 18342 | Volcano  | Reached skill level 1 in Hexes
 18342 | Volcano  | Gained mutation: Your movements are significantly less
                  | encumbered by armour. (ER -6) [demonic ancestry]
 18342 | Volcano  | Reached XP level 13. HP: 91/93 MP: 9/25
 18601 | Volcano  | Noticed a stone giant
 18615 | Volcano  | HP: 4/93 [molten gargoyle (7)]
 18615 | Volcano  | Mangled by an earth elemental

Illustrated notes

Levels and vault maps discovered:
D:1:      dpeg_arrival_caged_fury, layout_rooms,
          ebering_ecumenical_altar_sacrificial, minmay_door_square
D:2:      layout_loops_cross, small_statue_intersection,
          minmay_misc_feat_diagonals
D:3:      layout_basic, kennysheep_crisscross, chequers_arboretum, uniq_ijyb,
          uniq_terence
D:4:      layout_basic, nicolae_elyvilon_temple_path,
          minmay_temple_entry_slanted
D:5:      layout_loops_ring, minmay_fountain_box
D:6:      layout_cave_pods, serial_bayou, serial_bayou_pond_c,
          serial_bayou_pond_e, serial_bayou_lagoon_b, serial_bayou_lagoon_a,
          uniq_edmund
D:7:      layout_basic, roderic_roman_lattice, hangedman_feature_mirror,
          uniq_menkaure
D:8:      hangedman_cross_stitches, layout_layer_cave, minmay_lair_entry_grove,
          enter_bailey_6
D:9:      layout_small_grid, uniq_harold
D:10:     layout_irregular_city, grunt_ministairs_14, minivault_16
Temple:   mainiacjoe_temple_circle_huts
Lair:1:   layout_cave_pods, uniq_erica
Lair:2:   layout_small_grid, guppyfry_snake_entry_garden
Lair:3:   layout_concentric_octagons, skrybe_swamp_entry_bodies,
          ebering_ghost_xom, serial_bayou_shore_a
Lair:4:   layout_cave_pods, enter_volcano_4, lemuel_old_faithful,
          infiniplex_staircase_pool, lemuel_fruit_tree, uniq_sonja
Volcano:  volcano_grotto [vgs_many_chambers]

Skill      XL: |  1  2  3  4  5  6  7  8  9 10 11 12 |
---------------+-------------------------------------+-----
Conjurations   | 5 6 7 8 9 |  9.6
Fighting       | 1 2 3 4 5 |  5.9
Spellcasting   | 3 4 5 6 7 8 |  8.7
Dodging        | 2 3 |  3.0
Stealth        | 2 3 |  3.1
Armour         | 2 4 5 6 |  6.6
Invocations    | 2 3 4 6 7 8 |  8.8
Short Blades   | 1 3 4 5 |  5.7
Earth Magic    | 1 3 4 5 |  5.2
Shields        | 1 2 3 |  3.6
Translocations | 2 3 5 |  5.0
Necromancy     | 1 3 5 |  5.3
Throwing       | 1 |  1.1
Summonings     | 2 4 |  4.1
Long Blades    | 3 |  3.6
Hexes          | 1 |  1.5
Evocations     | |  0.8

Action                   |  1- 3 |  4- 6 |  7- 9 | 10-12 | 13-15 || total
-------------------------+-------+-------+-------+-------+-------++-------
Melee: Unarmed           |       |     3 |       |       |       ||     3
       Dagger            |       |     7 |   186 |   115 |       ||   308
       Scimitar          |       |       |       |    88 |     4 ||    92
Throw: Boomerang         |       |     3 |     1 |    35 |       ||    39
       Dart              |       |       |       |     1 |       ||     1
 Cast: Magic Dart        |    61 |    52 |    58 |       |       ||   171
       Searing Ray       |       |     9 |    39 |    30 |       ||    78
       Stone Arrow       |       |       |    11 |   165 |    13 ||   189
       Animate Armour    |       |       |       |     7 |       ||     7
Invok: Slouch            |       |       |       |       |     1 ||     1
Evoke: Wand              |       |       |    15 |       |       ||    15
  Use: Potion            |       |     2 |     4 |     2 |       ||     8
       Scroll            |       |       |     7 |     9 |     3 ||    19
 Stab: Sleeping          |       |     1 |       |       |       ||     1
Armor: Robe              |     6 |       |       |       |       ||     6
       Ring mail         |       |    10 |     4 |       |       ||    14
       Scale mail        |       |       |     9 |       |       ||     9
       Chain mail        |       |       |    35 |       |       ||    35
       Plate armour      |       |       |    91 |   178 |     2 ||   271
Dodge: Dodged            |    22 |    11 |   112 |    89 |     1 ||   235
Block: Other             |       |     3 |     2 |       |       ||     5
       Buckler           |       |       |   106 |       |       ||   106
       Kite shield       |       |       |    12 |   266 |    10 ||   288
